 Seeded DCSS version 0.26-a0-863-g3bff4b215c (webtiles) character file.

Game seed: 15338515629108707986 (custom seed)

564 karrick the Chopper (level 7, -10/52 HPs)
             Began as a Demonspawn Gladiator on Nov 26, 2020.
             Mangled by Menkaure (12 damage)
             ... on level 4 of the Dungeon.
             The game lasted 00:04:54 (3426 turns).

karrick the Chopper (Demonspawn Gladiator)          Turns: 3426, Time: 00:04:54

Health: -10/52     AC:  3    Str: 16    XL:     7   Next: 10%
Magic:  0/7        EV: 14    Int: 10    God:
Gold:   138        SH:  0    Dex: 14    Spells: 6/6 levels left

rFire    . . .     SeeInvis .   r - +0 hand axe (elec)
rCold    . . .     Faith    .   (no shield)
rNeg     + . .     Spirit   +   b - +0 leather armour
rPois    .         Reflect  .   (helmet restricted)
rElec    .         Harm     .   (no cloak)
rCorr    .         Rampage  .   (no gloves)
MR       .....                  (no boots)
Stlth    +.........             (no amulet)
HPRegen  1.17/turn              t - ring of positive energy
MPRegen  0.20/turn              (no ring)

@: no status effects
A: antennae 2, powered by death 2, magic shield, magic regeneration
a: no special abilities


You were on level 4 of the Dungeon.
You visited 1 branch of the dungeon, and saw 4 of its levels.

You collected 138 gold pieces.

Inventory:

Hand Weapons
 a - a +0 war axe
 j - a +0 whip of electrocution
 q - a +1 vorpal hand axe
 r - a +0 hand axe of electrocution (weapon)
Missiles
 d - 3 throwing nets (quivered)
Armour
 b - a +0 leather armour (worn)
 c - a +0 helmet
Jewellery
 t - a ring of positive energy (left hand)
Scrolls
 e - 3 scrolls of identify
 g - 3 scrolls of remove curse
 i - 2 scrolls of fog
 m - a scroll of enchant armour
 n - 2 scrolls of immolation {unknown}
 p - 2 scrolls of amnesia {unknown}
 u - a scroll of teleportation
 v - a scroll of fear {unknown}
Potions
 f - 2 potions of lignification {unknown}
 h - 3 potions of curing {unknown}
 k - a potion of mutation {unknown}
 l - 2 potions of heal wounds {unknown}
 o - a potion of brilliance {unknown}
 s - a potion of cancellation {unknown}
 w - a potion of haste {unknown}


   Skills:
 + Level 3.2 Fighting
 + Level 5.4 Axes
 + Level 0.4(3.3) Maces & Flails
 + Level 1.8 Throwing
 + Level 2.1 Armour
 + Level 4.2 Dodging
 + Level 1.0 Stealth


You had 6 spell levels left.
You didn't know any spells.
Your spell library was empty.

Dungeon Overview and Level Annotations

Branches:
Dungeon (4/15)
 Temple: D:4-7

Altars:
Cheibriados
Elyvilon

Annotations:
D:4 Menkaure


Innate Abilities, Weirdness & Mutations

You have a pair of antennae on your head.
You regenerate health from kills.
When hurt, damage is shared between your health and your magic reserves.
You regenerate magic rapidly.


Message History

You hit Menkaure. Lightning courses through Menkaure!
Menkaure is severely damaged.
You hit the orc but do no damage. Lightning courses through the orc!
You kill the orc!
Menkaure hits you!
* * * LOW HITPOINT WARNING * * *
You closely miss Menkaure.
Menkaure is severely damaged.
Menkaure hits you!
* * * LOW HITPOINT WARNING * * *
Okay, then.
You hit Menkaure but do no damage.
Menkaure is severely damaged.
Menkaure points at you and mumbles some strange words.
Pain shoots through your body!
* * * LOW HITPOINT WARNING * * *
You hit Menkaure.
Menkaure is almost destroyed.
Menkaure hits you!
You die...

#......# #.##.#.# ###
#......# #.. #..###.#
#.# #..# #.# #.#
#..###.# #.# ##.....#
#.## ##.#.### #..##
##....##########@..####
...............))M....+
##....##########[..####
##....# #..## ##...#
..... #...# #.###.
##.## ... # #.# #.#
#####.# .#


You could see Menkaure (fast).

Vanquished Creatures
  Grinder (D:3)
  Sigmund (D:2)
  Jessica (D:3)
  4 adders
  3 gnolls (D:2)
  An ooze (D:2)
  2 worms (D:2)
  A dart slug (D:1)
  A leopard gecko (D:2)
  12 orcs
  A ball python (D:3)
  3 giant cockroaches
  10 hobgoblins
  5 kobolds
  12 bats
  4 frilled lizards
  13 goblins
  3 rats
78 creatures vanquished.

Vanquished Creatures (others)
  A bat (D:3)
  2 goblins (D:3)
  A quokka (D:3)
4 creatures vanquished.

Grand Total: 82 creatures vanquished

Notes
Turn   | Place    | Note
-------+----------+-------------------------------------------
     0 | D:1      | karrick the Demonspawn Gladiator began the quest for the
                  | Orb.
     0 | D:1      | Reached XP level 1. HP: 16/16 MP: 1/1
    96 | D:1      | Reached skill level 3 in Axes
   163 | D:1      | Gained mutation: You regenerate a little health from kills.
                  | [demonic ancestry]
   163 | D:1      | Reached XP level 2. HP: 21/22 MP: 2/2
   309 | D:1      | Found a snail-covered altar of Cheibriados.
   618 | D:1      | Gained mutation: You regenerate health from kills. [demonic
                  | ancestry]
   618 | D:1      | Reached XP level 3. HP: 27/27 MP: 3/3
  1202 | D:2      | Gained mutation: When hurt, damage is shared between your
                  | health and your magic reserves. [demonic ancestry]
  1202 | D:2      | Reached XP level 4. HP: 6/33 MP: 4/4
  1585 | D:2      | Reached skill level 4 in Axes
  1684 | D:3      | Noticed Grinder
  1692 | D:3      | Noticed Jessica
  1742 | D:3      | Killed Jessica
  1865 | D:3      | Killed Grinder
  1866 | D:3      | Reached skill level 1 in Armour
  1866 | D:3      | Gained mutation: You have a pair of small antennae on your
                  | head. [demonic ancestry]
  1866 | D:3      | Reached XP level 5. HP: 22/40 MP: 2/5
  1866 | D:3      | Gained mutation: You regenerate magic rapidly. [demonic
                  | ancestry]
  1866 | D:3      | Reached XP level 6. HP: 26/46 MP: 2/6
  2001 | D:3      | Found a white marble altar of Elyvilon.
  2744 | D:2      | Noticed Sigmund
  2762 | D:2      | Killed Sigmund
  2763 | D:2      | Reached skill level 5 in Axes
  2763 | D:2      | Reached skill level 1 in Stealth
  2763 | D:2      | Gained mutation: You have a pair of antennae on your head.
                  | [demonic ancestry]
  2763 | D:2      | Reached XP level 7. HP: 37/52 MP: 5/7
  3414 | D:4      | Noticed Menkaure
  3425 | D:4      | HP: 1/52 [Menkaure/nerve-wracking pain (5)]
  3426 | D:4      | Mangled by Menkaure

Illustrated notes

Levels and vault maps discovered:
D:1:      eino_arrival_cavern_b, layout_loops_ring, cheibriados_altar_1
D:2:      wad_crossroads, layout_basic, uniq_sigmund
D:3:      layout_loops_ring, elyvilon_altar_4, uniq_jessica, uniq_grinder,
          uniq_robin
D:4:      layout_loops_corners, uniq_blork_the_orc, uniq_menkaure

Skill      XL: |  1  2  3  4  5  6 |
---------------+-------------------+-----
Axes           | 3 4 5 |  5.4
Dodging        | 3 4 |  4.2
Armour         | 1 2 |  2.1
Fighting       | 3 |  3.2
Stealth        | 1 |  1.0
Maces & Flails | |  0.4
Throwing       | |  1.8

Action                   |  1- 3 |  4- 6 |  7- 9 || total
-------------------------+-------+-------+-------++-------
Melee: War axe           |   104 |    57 |       ||   161
       Whip              |       |     6 |       ||     6
       Hand axe          |       |    20 |    43 ||    63
  Use: Scroll            |       |     4 |       ||     4
 Stab: Sleeping          |     2 |     1 |     2 ||     5
Armor: Leather armour    |    29 |    41 |     2 ||    72
Dodge: Dodged            |    89 |    98 |    27 ||   214

Table legend: (Time is in decaauts)
 A = Elapsed time spent in this place.
 B = Non-inter-level travel time spent in this place.
 C = Inter-level travel time spent in this place.
 D = Time resting spent in this place.
 E = Time spent auto-exploring this place.
 F = Levels seen in this place.
 G = Mean time per level.
                   A        B        C        D        E       F      G
               +--------+--------+--------+--------+--------+-----+--------+
         Total |   3478 |   3355 |    123 |    759 |   1938 |   4 |  869.5 |
       Dungeon |   3478 |   3355 |    123 |    759 |   1938 |   4 |  869.5 |
               +--------+--------+--------+--------+--------+-----+--------+

Top non-repeatable levels by time:
     D:2: 1330 daAuts
     D:3: 982 daAuts
     D:1: 889 daAuts
     D:4: 275 daAuts
